[Event "Paul Keres Memorial-U20 Girls 2020"]
[Site "Parnu"]
[Date "2020.07.30"]
[Round "3.1"]
[White "Nazarova, Anastasia"]
[Black "Olde, Margareth"]
[Result "1/2-1/2"]
[ECO "C90"]
[WhiteElo "2171"]
[BlackElo "2201"]
[Annotator "ChessBase"]
[PlyCount "99"]
[EventDate "2020.07.27"]
[EventType "tourn"]
[EventCountry "EST"]
[SourceTitle "playchess.com"]
[Source "ChessBase"]
[SourceQuality "1"]
[TimeControl "5400+30"]

1. e4 e5 2. Nf3 Nc6 3. Bb5 a6 4. Ba4 Nf6 5. d3 d6 6. c3 Be7 7. O-O O-O 8. Re1 b5 9. Bb3 Na5 10. Bc2 c5 11. Nbd2 Nc6 12. Nf1 Re8 13. Ng3 h6 14. h3 Be6 15. d4 cxd4 16. cxd4 exd4 17. Nxd4 Nxd4 18. Qxd4 Rc8 19. Bb3 Bxb3 20. axb3 d5 21. e5 Bc5 22. Qf4 Ne4 23. Nxe4 dxe4 24. Be3 Qd5 25. Rxa6 Bxe3 26. Rxe3 Rxe5 27. Rg3 Rg5 28. Rd6 Qf5 29. Qxf5 Rxf5 30. Rd2 Rfc5 31. Re3 f5 32. g4 g6 33. gxf5 gxf5 34. Rd6 Kf7 35. Rg3 f4 36. Rg4 Rg5 37. Rxh6 Rc1+ 38. Kg2 Rxg4+ 39. hxg4 Rc2 40. Rh5 Kg6 41. Rf5 Rxb2 42. Rxf4 e3 43. Kf1 Rxb3 44. fxe3 Rxe3 45. Rb4 Re5 46. Kf2 Kg5 47. Kf3 Rc5 48. Ke3 Rc4 49. Rxc4 bxc4 50. Kd4 1/2-1/2

[Event "Paul Keres Memorial-U20 Girls 2020"]
[Site "Parnu"]
[Date "2020.07.30"]
[Round "3.2"]
[White "Narva, Mai"]
[Black "Kiolbasa, Oliwia"]
[Result "1/2-1/2"]
[ECO "C60"]
[WhiteElo "2333"]
[BlackElo "2160"]
[Annotator "ChessBase"]
[PlyCount "71"]
[EventDate "2020.07.27"]
[EventType "tourn"]
[EventCountry "EST"]
[SourceTitle "playchess.com"]
[Source "ChessBase"]
[SourceQuality "1"]
[TimeControl "5400+30"]

1. e4 e5 2. Nf3 Nc6 3. Bb5 Nge7 4. O-O g6 5. c3 a6 6. Ba4 Bg7 7. d4 exd4 8. cxd4 b5 9. Bb3 d6 10. Nc3 O-O 11. h3 Na5 12. Bc2 c5 13. Bg5 Qc7 14. Rc1 Bb7 15. b3 Nac6 16. Bb1 Rfe8 17. Ne2 cxd4 18. Nexd4 Qd7 19. Qd2 Nxd4 20. Nxd4 d5 21. Nf3 Rac8 22. Rfd1 Rxc1 23. Qxc1 Qe6 24. Qc7 dxe4 25. Qxb7 exf3 26. Qxf3 Nc6 27. Be3 Nd4 28. Bxd4 Bxd4 29. Rxd4 Qe1+ 30. Kh2 Qxb1 31. Rd7 Rf8 32. Qe2 Qf5 33. Ra7 Rc8 34. Qg4 Qxg4 35. hxg4 Rc6 36. Kg3 1/2-1/2

[Event "Paul Keres Memorial-U20 Girls 2020"]
[Site "Parnu"]
[Date "2020.07.30"]
[Round "3.3"]
[White "Olde, Grete"]
[Black "Muetsch, Annmarie"]
[Result "0-1"]
[ECO "B25"]
[WhiteElo "1968"]
[BlackElo "2219"]
[Annotator "ChessBase"]
[PlyCount "172"]
[EventDate "2020.07.27"]
[EventType "tourn"]
[EventCountry "EST"]
[SourceTitle "playchess.com"]
[Source "ChessBase"]
[SourceQuality "1"]
[TimeControl "5400+30"]

1. e4 c5 2. Nc3 Nc6 3. g3 g6 4. Bg2 Bg7 5. d3 d6 6. f4 Nf6 7. Nf3 O-O 8. O-O Bg4 9. h3 Bxf3 10. Qxf3 Nd7 11. g4 Rb8 12. f5 Nd4 13. Qf2 e6 14. Nd1 Bf6 15. c3 Nc6 16. Bh6 Bg7 17. Bxg7 Kxg7 18. Qg3 exf5 19. exf5 g5 20. Qxd6 f6 21. Nf2 Nde5 22. Qxc5 Qc7 23. Rae1 Rfe8 24. d4 Nd7 25. Qc4 Nb6 26. Qb3 Na5 27. Qc2 Nac4 28. Ne4 Nd5 29. Qf2 Nf4 30. Nc5 Qd6 31. b3 Nb6 32. Nxb7 Qc7 33. Nc5 Nbd5 34. c4 Nxg2 35. Qxg2 Nf4 36. Qf3 Qd6 37. Ne6+ Nxe6 38. fxe6 Rxe6 39. d5 Re5 40. Rxe5 Qxe5 41. Kg2 Re8 42. Qf5 Qd6 43. Rf2 Re3 44. Rf3 Re2+ 45. Kf1 Re5 46. Qd3 Re7 47. Rf2 Qe5 48. Qd1 Qc3 49. Qf3 Re1+ 50. Kg2 Re3 51. Qd1 Rg3+ 52. Kf1 Rxh3 53. Qd2 Qe5 54. Rg2 Rh1+ 55. Kf2 Rb1 56. Kf3 Rf1+ 57. Rf2 Rh1 58. Rg2 h5 59. gxh5 Qf5+ 60. Ke3 Qf4+ 61. Kd3 Qf5+ 62. Kc3 Qe5+ 63. Kb4 Qb8+ 64. Ka3 Qe5 65. d6 Qc5+ 66. Qb4 Qc6 67. Rd2 Qd7 68. Re2 Kh6 69. Qc5 Rd1 70. Re7 Qxd6 71. Qxd6 Rxd6 72. Kb4 g4 73. c5 Rd8 74. c6 f5 75. Rd7 Rc8 76. Kc4 g3 77. Rd1 f4 78. Kd3 Rd8+ 79. Kc2 Rc8 80. Kd3 Kxh5 81. Ke2 Kg4 82. Rc1 Re8+ 83. Kf1 f3 84. c7 g2+ 85. Kf2 Re2+ 86. Kg1 Kg3 0-1

[Event "Paul Keres Memorial-U20 Girls 2020"]
[Site "Parnu"]
[Date "2020.07.30"]
[Round "3.4"]
[White "Tonso, Liina"]
[Black "Limanovska, Elizabete"]
[Result "0-1"]
[ECO "E12"]
[WhiteElo "1862"]
[BlackElo "2179"]
[Annotator "ChessBase"]
[PlyCount "110"]
[EventDate "2020.07.27"]
[EventType "tourn"]
[EventCountry "EST"]
[SourceTitle "playchess.com"]
[Source "ChessBase"]
[SourceQuality "1"]
[TimeControl "5400+30"]

1. d4 Nf6 2. c4 e6 3. Nf3 b6 4. Bf4 Bb7 5. e3 d5 6. Nc3 c6 7. cxd5 exd5 8. Bd3 Be7 9. Ne5 O-O 10. O-O Nbd7 11. Qf3 Nxe5 12. Bxe5 Nd7 13. Bf4 f5 14. Qh3 g6 15. Bh6 Rf7 16. Ne2 Nf6 17. Nf4 Ng4 18. Ne6 Qd6 19. Ng5 Nxh6 20. Qxh6 Rg7 21. Rad1 Bf6 22. Bc2 Rd8 23. f3 Qe7 24. Nh3 c5 25. Qf4 Bc8 26. Rfe1 g5 27. Qg3 cxd4 28. exd4 Qb4 29. Bb3 Bxd4+ 30. Kh1 f4 31. Nxf4 gxf4 32. Qxf4 Bc5 33. Qe5 Bb7 34. Bxd5+ Bxd5 35. Rxd5 Rf8 36. Red1 Qh4 37. Qe6+ Kh8 38. Rd7 Qf6 39. Qe4 Qxb2 40. R7d2 Qf6 41. Qc4 Re7 42. Qg4 Rfe8 43. h3 Be3 44. Rd6 Qg7 45. Qh4 Rg8 46. g4 Bg5 47. Qf2 Rf7 48. h4 Be7 49. R6d5 Rgf8 50. R1d3 Qa1+ 51. Kg2 Bc5 52. Qe2 Re7 53. Qc2 Qg1+ 54. Kh3 Bf2 55. Qc3+ Rg7 0-1

[Event "Paul Keres Memorial-U20 Girls 2020"]
[Site "Parnu"]
[Date "2020.07.30"]
[Round "3.5"]
[White "Norlamo, Sarabella"]
[Black "Nilssen, Ellen Fredericia"]
[Result "0-1"]
[ECO "D31"]
[WhiteElo "2023"]
[BlackElo "2071"]
[Annotator "ChessBase"]
[PlyCount "72"]
[EventDate "2020.07.27"]
[EventType "tourn"]
[EventCountry "EST"]
[SourceTitle "playchess.com"]
[Source "ChessBase"]
[SourceQuality "1"]
[TimeControl "5400+30"]

1. d4 d5 2. c4 e6 3. Nc3 a6 4. cxd5 exd5 5. Bf4 Nf6 6. e3 Bd6 7. Bg3 Be6 8. Bd3 O-O 9. Nge2 Qe7 10. O-O Bxg3 11. Nxg3 Nbd7 12. Rc1 Rac8 13. Na4 Qb4 14. a3 Qe7 15. Qb3 b5 16. Nc5 Nxc5 17. Rxc5 Nd7 18. Rc6 Nb8 19. Rc5 c6 20. Nf5 Qd7 21. Nh4 a5 22. Qc2 h6 23. Rc1 Rc7 24. Bxb5 Rfc8 25. Ba4 Qd8 26. Nf3 Nd7 27. Rxa5 c5 28. Qd2 cxd4 29. Rd1 dxe3 30. fxe3 Nc5 31. Nd4 Bg4 32. Rf1 Ne4 33. Qe1 Rc1 34. Nc6 Rxe1 35. Nxd8 Rxf1+ 36. Kxf1 Rc1+ 0-1

[Event "Paul Keres Memorial-U20 Girls 2020"]
[Site "Parnu"]
[Date "2020.07.30"]
[Round "4.1"]
[White "Olde, Margareth"]
[Black "Nilssen, Ellen Fredericia"]
[Result "1/2-1/2"]
[ECO "D30"]
[WhiteElo "2201"]
[BlackElo "2071"]
[Annotator "ChessBase"]
[PlyCount "77"]
[EventDate "2020.07.27"]
[EventType "tourn"]
[EventCountry "EST"]
[SourceTitle "playchess.com"]
[Source "ChessBase"]
[SourceQuality "1"]
[TimeControl "5400+30"]

1. d4 d5 2. c4 e6 3. Nf3 a6 4. g3 dxc4 5. Bg2 b5 6. a4 Bb7 7. axb5 axb5 8. Rxa8 Bxa8 9. b3 Bb4+ 10. Bd2 Bxd2+ 11. Qxd2 cxb3 12. Qb4 c6 13. O-O Ne7 14. Qxb3 O-O 15. Nbd2 Nd7 16. Ne4 Nd5 17. Rd1 Qb6 18. Qc2 N5f6 19. Nc5 Rd8 20. Nb3 h6 21. e4 Rc8 22. Nc5 Rd8 23. e5 Nd5 24. Ne4 Rc8 25. Rc1 Rc7 26. h4 Qa5 27. Nfd2 Qa4 28. Nb3 Nb4 29. Qb1 Ra7 30. Nec5 Nxc5 31. Nxc5 Qa3 32. Be4 Nd5 33. Nb3 Qb4 34. Bxd5 exd5 35. Qc2 Ra3 36. Rb1 Qa4 37. Qf5 Rxb3 38. Qc8+ Kh7 39. Qf5+ 1/2-1/2

[Event "Paul Keres Memorial-U20 Girls 2020"]
[Site "Parnu"]
[Date "2020.07.30"]
[Round "4.2"]
[White "Limanovska, Elizabete"]
[Black "Norlamo, Sarabella"]
[Result "1-0"]
[ECO "C55"]
[WhiteElo "2179"]
[BlackElo "2023"]
[Annotator "ChessBase"]
[PlyCount "109"]
[EventDate "2020.07.27"]
[EventType "tourn"]
[EventCountry "EST"]
[SourceTitle "playchess.com"]
[Source "ChessBase"]
[SourceQuality "1"]
[TimeControl "5400+30"]

1. e4 e5 2. Nf3 Nc6 3. Bc4 Nf6 4. d3 Be7 5. O-O O-O 6. Re1 d6 7. a4 Be6 8. Nbd2 Nd7 9. c3 a5 10. b3 Qe8 11. Nf1 Bxc4 12. bxc4 f5 13. exf5 Rxf5 14. Ne3 Rf8 15. Nd5 Bd8 16. Rb1 b6 17. Be3 Ne7 18. Nxe7+ Bxe7 19. d4 Rd8 20. Qe2 Qh5 21. Rb5 Rf5 22. Qc2 Rdf8 23. Nd2 Bg5 24. f3 Bxe3+ 25. Rxe3 Qh6 26. Nf1 Qg5 27. Qd3 Qg6 28. Ng3 Rg5 29. Qe2 h5 30. Rb2 h4 31. Ne4 Rgf5 32. h3 Nf6 33. Nxf6+ gxf6 34. Re4 Qh6 35. Qe1 Rf4 36. Rbe2 Kf7 37. Rxf4 Qxf4 38. dxe5 dxe5 39. Re4 Qg3 40. Qd2 Ke7 41. Rg4 Rd8 42. Qe2 Kd6 43. Rxg3 hxg3 44. Qe1 Rg8 45. Qe4 c6 46. Qf5 Rf8 47. Qg6 Kc5 48. Qxg3 Kxc4 49. Qe1 Rd8 50. Qe4+ Kc5 51. Qe3+ Kc4 52. Qxb6 Rd1+ 53. Kh2 Kxc3 54. Qxc6+ Kb4 55. Qb5+ 1-0

[Event "Paul Keres Memorial-U20 Girls 2020"]
[Site "Parnu"]
[Date "2020.07.30"]
[Round "4.3"]
[White "Muetsch, Annmarie"]
[Black "Tonso, Liina"]
[Result "1-0"]
[ECO "C05"]
[WhiteElo "2219"]
[BlackElo "1862"]
[Annotator "ChessBase"]
[PlyCount "89"]
[EventDate "2020.07.27"]
[EventType "tourn"]
[EventCountry "EST"]
[SourceTitle "playchess.com"]
[Source "ChessBase"]
[SourceQuality "1"]
[TimeControl "5400+30"]

1. e4 e6 2. d4 d5 3. Nd2 Nf6 4. e5 Nfd7 5. c3 b6 6. Nh3 c5 7. Nf4 Ba6 8. Bxa6 Nxa6 9. a3 Nc7 10. Qg4 g6 11. h4 h5 12. Qg3 Qe7 13. Nf3 Bh6 14. Be3 O-O-O 15. a4 Kb7 16. a5 Ne8 17. Ng5 Ng7 18. axb6 axb6 19. Qf3 cxd4 20. cxd4 Nb8 21. Nd3 Nf5 22. g3 Nc6 23. Kf1 Ra8 24. Kg2 Bxg5 25. Bxg5 Qd7 26. Be3 Ncxd4 27. Bxd4 Nxd4 28. Qf4 Nc6 29. b4 Qe7 30. Rab1 Ra3 31. Qd2 Rha8 32. Rhc1 f6 33. exf6 Qxf6 34. Rxc6 Rxd3 35. Qxd3 Kxc6 36. Rc1+ Kd6 37. Qb5 Qd8 38. Qc6+ Ke7 39. Qb7+ Kf6 40. Rc7 Rb8 41. Qc6 Qe8 42. Qd6 g5 43. hxg5+ Kg6 44. Re7 Qg8 45. Rxe6+ 1-0

[Event "Paul Keres Memorial-U20 Girls 2020"]
[Site "Parnu"]
[Date "2020.07.30"]
[Round "4.4"]
[White "Kiolbasa, Oliwia"]
[Black "Olde, Grete"]
[Result "1-0"]
[ECO "C84"]
[WhiteElo "2160"]
[BlackElo "1968"]
[Annotator "ChessBase"]
[PlyCount "53"]
[EventDate "2020.07.27"]
[EventType "tourn"]
[EventCountry "EST"]
[SourceTitle "playchess.com"]
[Source "ChessBase"]
[SourceQuality "1"]
[TimeControl "5400+30"]

1. e4 e5 2. Nf3 Nc6 3. Bb5 a6 4. Ba4 Nf6 5. O-O Be7 6. d3 b5 7. Bb3 d6 8. a3 O-O 9. Nc3 Bg4 10. Be3 Na5 11. Ba2 c6 12. h3 Bh5 13. b4 Nb7 14. g4 Bg6 15. Ne2 h5 16. g5 Ne8 17. Ng3 Kh8 18. Nf5 Qd7 19. N3h4 Bd8 20. Qf3 Nc7 21. Ng3 Ne6 22. Nxh5 Be7 23. Qg4 Nbd8 24. f4 exf4 25. Nxf4 Kh7 26. Nhxg6 fxg6 27. Nxe6 1-0

[Event "Paul Keres Memorial-U20 Girls 2020"]
[Site "Parnu"]
[Date "2020.07.30"]
[Round "4.5"]
[White "Nazarova, Anastasia"]
[Black "Narva, Mai"]
[Result "1-0"]
[ECO "B48"]
[WhiteElo "2171"]
[BlackElo "2333"]
[Annotator "ChessBase"]
[PlyCount "137"]
[EventDate "2020.07.27"]
[EventType "tourn"]
[EventCountry "EST"]
[SourceTitle "playchess.com"]
[Source "ChessBase"]
[SourceQuality "1"]
[TimeControl "5400+30"]

1. e4 c5 2. Nf3 e6 3. d4 cxd4 4. Nxd4 Nc6 5. Nc3 Qc7 6. Be3 a6 7. Qf3 Bd6 8. O-O-O Be5 9. Kb1 Nge7 10. g3 b5 11. Qe2 Rb8 12. Bg2 O-O 13. f4 Bxd4 14. Bxd4 Nxd4 15. Rxd4 b4 16. Nd1 a5 17. Ne3 Bb7 18. Rhd1 Rfd8 19. e5 a4 20. Bxb7 Rxb7 21. Qd2 Qc5 22. Rc4 Qb5 23. b3 Nc6 24. Qd6 Ra8 25. Rd2 h6 26. Qd3 Rba7 27. h4 Qb7 28. Qe4 Qb6 29. g4 Ra6 30. g5 hxg5 31. hxg5 Qa7 32. Rh2 Kf8 33. Qd3 Ne7 34. Rh8+ Ng8 35. Rxb4 g6 36. Rh7 axb3 37. cxb3 Rxa2 38. Qd6+ Ne7 39. Rh8+ Kg7 40. Rxa8 Qxa8 41. Qxe7 Ra1+ 42. Kc2 Qa2+ 43. Kd3 Qb1+ 44. Nc2 Ra8 45. Qc5 Ra2 46. Qf2 Qd1+ 47. Qd2 Qf3+ 48. Kd4 Ra5 49. Qe3 Qd1+ 50. Kc3 Ra2 51. Qd3 Qc1 52. Qd2 Qg1 53. Rd4 Qh1 54. Qd3 Qc1 55. Qd2 Qb2+ 56. Kd3 Qxb3+ 57. Qc3 Qb1 58. Kd2 Qf1 59. Qd3 Qf2+ 60. Kc3 Qg1 61. Qc4 Qb1 62. Qb3 Qxb3+ 63. Kxb3 Ra7 64. Ne3 Kf8 65. Nc4 Ke7 66. Nd6 Ra1 67. Rc4 Rb1+ 68. Kc2 Rb8 69. Rc8 1-0

[Event "Paul Keres Memorial-U20 Girls 2020"]
[Site "Parnu"]
[Date "2020.07.30"]
[Round "5.2"]
[White "Olde, Grete"]
[Black "Nazarova, Anastasia"]
[Result "1/2-1/2"]
[ECO "C90"]
[WhiteElo "1968"]
[BlackElo "2171"]
[Annotator "ChessBase"]
[PlyCount "259"]
[EventDate "2020.07.27"]
[EventType "tourn"]
[EventCountry "EST"]
[SourceTitle "playchess.com"]
[Source "ChessBase"]
[SourceQuality "1"]
[TimeControl "5400+30"]

1. e4 e5 2. Nf3 Nc6 3. Bb5 a6 4. Ba4 Nf6 5. d3 b5 6. Bb3 Be7 7. O-O d6 8. c3 O-O 9. Re1 Na5 10. Bc2 c5 11. Nbd2 Nc6 12. Nf1 Be6 13. Ng3 Qc7 14. Bb3 h6 15. d4 cxd4 16. cxd4 Bg4 17. Be3 exd4 18. Bxd4 Nd7 19. Rc1 Nc5 20. Bd5 b4 21. e5 Bxf3 22. gxf3 Nxd4 23. Bxa8 dxe5 24. Be4 Rd8 25. Rc4 Qb6 26. Qb1 g6 27. Ne2 Nxe2+ 28. Rxe2 Qf6 29. Re1 Ne6 30. Qc1 Nf4 31. Kh1 Qh4 32. Rf1 Qh3 33. Rg1 Bh4 34. Qf1 Qd7 35. Rc1 Qa7 36. Rc2 Qd4 37. Rg4 Bf6 38. Qc4 Qd1+ 39. Rg1 Qd4 40. Bxg6 Nxg6 41. Rxg6+ Bg7 42. Qxd4 exd4 43. Rxa6 d3 44. Rd2 Bc3 45. Rd1 Bxb2 46. Rxh6 Rd4 47. f4 d2 48. Rh3 Bc3 49. a3 Re4 50. Rg3+ Kf8 51. axb4 Bxb4 52. Rgg1 Rxf4 53. Kg2 Rf5 54. h4 Bc3 55. Rgf1 Kg7 56. f4 Rc5 57. Kf3 Kh6 58. Rg1 Bb4 59. Rb1 Ba5 60. Ke2 Rc6 61. Rb5 Bc3 62. Rbb1 Ba5 63. Rbd1 Re6+ 64. Kf3 Bc3 65. f5 Re1 66. Rb1 Kh7 67. f6 Kh6 68. Kf4 Re6 69. Rb5 Rxf6+ 70. Ke3 Re6+ 71. Kd3 Re1 72. Rb1 Ba5 73. Ra1 f5 74. Rh1 f4 75. Rf1 f3 76. Kc2 f2 77. Rd1 Kh5 78. Rxf2 Kxh4 79. Rf5 Bc3 80. Rc5 Bf6 81. Rxd2 Re4 82. Rg2 Rg4 83. Re2 Bd4 84. Rc7 Kg3 85. Kd3 Bb6 86. Rd7 Bc5 87. Rc2 Bb6 88. Rc1 Bf2 89. Kc3 Rf4 90. Rg7+ Kf3 91. Rd1 Ke2 92. Rd2+ Kf3 93. Rd3+ Ke2 94. Re7+ Kf1 95. Rd1+ Kg2 96. Red7 Rf3+ 97. Kc2 Bg3 98. Rg7 Rf2+ 99. Kc1 Rf3 100. Rd4 Rf1+ 101. Kc2 Rf2+ 102. Kd3 Rf3+ 103. Kc4 Kf2 104. Rd2+ Kf1 105. Rb7 Be1 106. Rb1 Re3 107. Rh2 Kg1 108. Rc2 Kf1 109. Kd4 Re8 110. Rh2 Kg1 111. Ra2 Kf1 112. Kd3 Re7 113. Rh2 Rd7+ 114. Kc4 Re7 115. Rbb2 Rg7 116. Kd3 Rd7+ 117. Ke3 Re7+ 118. Kf3 Rf7+ 119. Ke4 Re7+ 120. Kf5 Rf7+ 121. Kg6 Rf2 122. Rhxf2+ Bxf2 123. Kf5 Bc5 124. Kg4 Kg1 125. Kg3 Bd6+ 126. Kh3 Kf1 127. Rg2 Bc7 128. Rg7 Bd6 129. Kg4 Kg2 130. Kh4+ 1/2-1/2

[Event "Paul Keres Memorial-U20 Girls 2020"]
[Site "Parnu"]
[Date "2020.07.30"]
[Round "5.3"]
[White "Tonso, Liina"]
[Black "Kiolbasa, Oliwia"]
[Result "0-1"]
[ECO "D25"]
[WhiteElo "1862"]
[BlackElo "2160"]
[Annotator "ChessBase"]
[PlyCount "78"]
[EventDate "2020.07.27"]
[EventType "tourn"]
[EventCountry "EST"]
[SourceTitle "playchess.com"]
[Source "ChessBase"]
[SourceQuality "1"]
[TimeControl "5400+30"]

1. d4 d5 2. c4 dxc4 3. e3 Nf6 4. Bxc4 g6 5. Nc3 Bg7 6. Nf3 O-O 7. O-O Ne8 8. b4 Nd6 9. Bb3 Nc6 10. a3 e5 11. dxe5 Nxe5 12. Nxe5 Bxe5 13. Bb2 c6 14. Qe2 Qe7 15. Na4 Ne4 16. Bxe5 Qxe5 17. f3 Nc3 18. Qf2 Nxa4 19. Bxa4 a5 20. Qe1 axb4 21. axb4 Re8 22. e4 b5 23. Bb3 Qd4+ 24. Kh1 Rxa1 25. Qxa1 Qxb4 26. Qa2 Qe7 27. Rc1 c5 28. Bd5 c4 29. Qa5 Bd7 30. Qb6 Kg7 31. h3 Rc8 32. Qd4+ Kg8 33. e5 Be6 34. Be4 Qc5 35. Qd2 Qxe5 36. Qb4 Qc5 37. Qd2 c3 38. Qe2 b4 39. f4 b3 0-1

[Event "Paul Keres Memorial-U20 Girls 2020"]
[Site "Parnu"]
[Date "2020.07.30"]
[Round "5.4"]
[White "Norlamo, Sarabella"]
[Black "Muetsch, Annmarie"]
[Result "0-1"]
[ECO "E63"]
[WhiteElo "2023"]
[BlackElo "2219"]
[Annotator "ChessBase"]
[PlyCount "74"]
[EventDate "2020.07.27"]
[EventType "tourn"]
[EventCountry "EST"]
[SourceTitle "playchess.com"]
[Source "ChessBase"]
[SourceQuality "1"]
[TimeControl "5400+30"]

1. d4 Nf6 2. c4 g6 3. Nc3 Bg7 4. g3 d6 5. Bg2 O-O 6. Nf3 Nc6 7. O-O a6 8. h3 Bd7 9. Be3 Rb8 10. Qd2 b5 11. cxb5 axb5 12. Bh6 Na5 13. Bxg7 Kxg7 14. Qc2 b4 15. Nd1 Bf5 16. Qc1 Qc8 17. Kh2 Qa6 18. Ne3 Bd7 19. Re1 Rfc8 20. b3 c5 21. Qb2 cxd4 22. Nxd4 e5 23. Nf3 Rc3 24. Rec1 Rbc8 25. Rd1 Bb5 26. Rd2 Ne4 27. Rc2 Qa7 28. Nxe5 Rxc2 29. Nxc2 dxe5 30. Bxe4 Qxf2+ 31. Kh1 Qxg3 32. Bg2 Bc6 33. Bxc6 Rxc6 34. Rf1 Qxh3+ 35. Kg1 Qg4+ 36. Kf2 Rf6+ 37. Ke1 Qg3+ 0-1

[Event "Paul Keres Memorial-U20 Girls 2020"]
[Site "Parnu"]
[Date "2020.07.30"]
[Round "5.5"]
[White "Nilssen, Ellen Fredericia"]
[Black "Limanovska, Elizabete"]
[Result "1-0"]
[ECO "E12"]
[WhiteElo "2071"]
[BlackElo "2179"]
[Annotator "ChessBase"]
[PlyCount "107"]
[EventDate "2020.07.27"]
[EventType "tourn"]
[EventCountry "EST"]
[SourceTitle "playchess.com"]
[Source "ChessBase"]
[SourceQuality "1"]
[TimeControl "5400+30"]

1. d4 Nf6 2. c4 e6 3. Nf3 b6 4. a3 Bb7 5. Nc3 d5 6. cxd5 exd5 7. Qa4+ c6 8. Bg5 Be7 9. e3 h6 10. Bh4 O-O 11. Bd3 Ne4 12. Bxe4 Bxh4 13. Nxh4 dxe4 14. Nf5 Ba6 15. Nxe4 Re8 16. Nc3 Bd3 17. Ng3 b5 18. Qd1 Qxd4 19. Qd2 Qd7 20. Rd1 Bf5 21. Qxd7 Bxd7 22. Nge4 a5 23. Nc5 Bf5 24. Rd6 b4 25. Ne2 bxa3 26. bxa3 Na6 27. Nxa6 Rxa6 28. Nd4 Be4 29. O-O Rb6 30. Rc1 Reb8 31. f3 Rb1 32. Rxb1 Rxb1+ 33. Kf2 Rb2+ 34. Kg3 Bg6 35. Rxc6 Ra2 36. Rc3 a4 37. Nc6 Kh7 38. e4 f6 39. Nb4 Ra1 40. Nd5 Bf7 41. Rd3 Be6 42. h4 Bf7 43. Kf4 h5 44. Ke3 Ra2 45. g3 Be8 46. Kd4 Rg2 47. f4 Bb5 48. Re3 Rc2 49. Nc3 Rd2+ 50. Kc5 Rd3 51. Rxd3 Bxd3 52. e5 fxe5 53. fxe5 Bc2 54. Kd6 1-0

[Event "Paul Keres Memorial-U20 Girls 2020"]
[Site "Parnu"]
[Date "2020.07.30"]
[Round "6.1"]
[White "Olde, Margareth"]
[Black "Limanovska, Elizabete"]
[Result "1-0"]
[ECO "E16"]
[WhiteElo "2201"]
[BlackElo "2179"]
[Annotator "RC"]
[PlyCount "109"]
[EventDate "2020.07.27"]
[EventType "tourn"]
[EventCountry "EST"]
[SourceTitle "playchess.com"]
[Source "ChessBase"]
[SourceQuality "1"]
[TimeControl "5400+30"]

1. d4 Nf6 2. c4 e6 3. Nf3 b6 4. g3 Bb7 5. Bg2 Bb4+ 6. Bd2 a5 7. Nc3 Bxc3 8. Bxc3 Ne4 9. Rc1 d5 10. cxd5 exd5 11. O-O O-O 12. b3 Nxc3 13. Rxc3 Re8 14. e3 Nd7 15. Qc2 c6 16. Rc1 Qe7 17. Qf5 f6 18. Nh4 g6 19. Qg4 Kh8 20. Bh3 Nf8 21. Qf3 Ne6 22. Bg2 a4 23. Qd1 axb3 24. Qxb3 b5 25. Nf3 Ra4 26. Nd2 Rea8 27. R3c2 Qd8 28. Rxc6 Bxc6 29. Rxc6 Nc7 30. Qc3 R8a7 31. Qc5 Rxa2 32. Nb3 Kg7 33. Rd6 Qe7 34. Bxd5 Na6 35. Qb6 Nb4 36. Nc5 Ra1+ 37. Kg2 Nxd5 38. Rxd5 Rb1 39. Rd8 b4 40. d5 b3 41. d6 Qf7 42. d7 b2 43. Rg8+ Qxg8 44. d8=Q Rg1+ 45. Kxg1 Ra1+ 46. Kg2 Qxd8 47. Ne6+ Kh6 48. Qxd8 b1=Q 49. Qf8+ Kh5 50. Ng7+ Kh6 51. Ne8+ Kh5 52. Nxf6+ Kg5 53. Nxh7+ Kh5 54. g4+ Kxg4 55. Qf4+ 1-0

[Event "Paul Keres Memorial-U20 Girls 2020"]
[Site "Parnu"]
[Date "2020.07.30"]
[Round "6.2"]
[White "Muetsch, Annmarie"]
[Black "Nilssen, Ellen Fredericia"]
[Result "1-0"]
[ECO "C09"]
[WhiteElo "2219"]
[BlackElo "2071"]
[Annotator "ChessBase"]
[PlyCount "87"]
[EventDate "2020.07.27"]
[EventType "tourn"]
[EventCountry "EST"]
[SourceTitle "playchess.com"]
[Source "ChessBase"]
[SourceQuality "1"]
[TimeControl "5400+30"]

1. e4 e6 2. d4 d5 3. Nd2 c5 4. exd5 exd5 5. Ngf3 Nc6 6. Bb5 Qe7+ 7. Be2 Qc7 8. O-O Nf6 9. Re1 cxd4 10. Nb3 Be7 11. Nbxd4 O-O 12. h3 Be6 13. Bd3 Nxd4 14. Nxd4 Bc5 15. c3 Bxd4 16. cxd4 Rfe8 17. Bg5 Nd7 18. h4 h6 19. Bd2 Qd8 20. Qh5 Qf6 21. Re3 Qxd4 22. Rg3 Nf6 23. Qxh6 Bg4 24. Qg5 Qxb2 25. Rb1 Qd4 26. Rb4 Qa1+ 27. Kh2 Re5 28. Qf4 Rae8 29. Rxg4 Nxg4+ 30. Qxg4 R5e7 31. Rd4 Qxa2 32. Qh5 Re4 33. Bxe4 Rxe4 34. Be3 b5 35. Rxe4 dxe4 36. Qxb5 a5 37. Qe8+ Kh7 38. Qxe4+ Kg8 39. Qg4 Qd5 40. g3 Qc6 41. Bd4 f6 42. h5 a4 43. h6 g5 44. Qf5 1-0

[Event "Paul Keres Memorial-U20 Girls 2020"]
[Site "Parnu"]
[Date "2020.07.30"]
[Round "6.3"]
[White "Kiolbasa, Oliwia"]
[Black "Norlamo, Sarabella"]
[Result "1-0"]
[ECO "C96"]
[WhiteElo "2160"]
[BlackElo "2023"]
[Annotator "ChessBase"]
[PlyCount "105"]
[EventDate "2020.07.27"]
[EventType "tourn"]
[EventCountry "EST"]
[SourceTitle "playchess.com"]
[Source "ChessBase"]
[SourceQuality "1"]
[TimeControl "5400+30"]

1. e4 e5 2. Nf3 Nc6 3. Bb5 a6 4. Ba4 Nf6 5. O-O b5 6. Bb3 Be7 7. Re1 O-O 8. h3 d6 9. c3 Na5 10. Bc2 c5 11. d4 Nd7 12. d5 Nb6 13. b3 f5 14. exf5 Bxf5 15. Bxf5 Rxf5 16. Qd3 Rf7 17. Be3 c4 18. Qd1 Rc8 19. b4 Nb7 20. Bxb6 Qxb6 21. Nbd2 Rff8 22. Ne4 Nd8 23. a4 Nf7 24. Re2 Qb7 25. Rea2 Ra8 26. Ne1 Ng5 27. Nxg5 Bxg5 28. Qg4 Bf6 29. Qe6+ Kh8 30. axb5 axb5 31. Rxa8 Rxa8 32. Rxa8+ Qxa8 33. Qxd6 h6 34. Nc2 Qa4 35. Ne3 Qa1+ 36. Kh2 Qxc3 37. Qb8+ Kh7 38. Qxb5 Be7 39. Qxc4 Qxb4 40. Qxb4 Bxb4 41. Kg3 Kg6 42. Kf3 Kf6 43. Ke4 h5 44. Nc4 Bc3 45. Nd6 g6 46. Nb5 Bb4 47. Nc7 Bc3 48. d6 Bb2 49. Kd5 Bd4 50. f3 Bc3 51. Ne6 Bb2 52. d7 Ke7 53. d8=Q+ 1-0

[Event "Paul Keres Memorial-U20 Girls 2020"]
[Site "Parnu"]
[Date "2020.07.30"]
[Round "6.5"]
[White "Narva, Mai"]
[Black "Olde, Grete"]
[Result "0-1"]
[ECO "C96"]
[WhiteElo "2333"]
[BlackElo "1968"]
[Annotator "RC"]
[PlyCount "100"]
[EventDate "2020.07.27"]
[EventType "tourn"]
[EventCountry "EST"]
[SourceTitle "playchess.com"]
[Source "ChessBase"]
[SourceQuality "1"]
[TimeControl "5400+30"]

1. e4 e5 2. Nf3 Nc6 3. Bb5 a6 4. Ba4 Nf6 5. O-O Be7 6. Re1 b5 7. Bb3 d6 8. c3 O-O 9. h3 Na5 10. Bc2 c5 11. d4 Nd7 12. Nbd2 exd4 13. cxd4 Nc6 14. d5 Nce5 15. a4 Bb7 16. Nxe5 Nxe5 17. f4 Ng6 18. Nf3 Re8 19. Kh2 Bf6 20. Ra2 b4 21. Bd3 Qb6 22. b3 Rac8 23. Rae2 Qc7 24. e5 Be7 25. Bf5 Rcd8 26. e6 Bc8 27. Qd3 Bf6 28. h4 Nf8 29. exf7+ Qxf7 30. Bxc8 Rxc8 31. Rxe8 Rxe8 32. Rxe8 Qxe8 33. Qxa6 Qe7 34. h5 Qf7 35. Qxd6 Qxh5+ 36. Kg1 Bd4+ 37. Nxd4 Qd1+ 38. Kh2 cxd4 39. Qc7 d3 40. Bb2 Qh5+ 41. Kg3 Qg6+ 42. Kf2 d2 43. Ke2 Qd3+ 44. Kxd3 d1=Q+ 45. Ke4 Qe2+ 46. Kf5 g6+ 47. Kg5 Qxg2+ 48. Kh6 Qxb2 49. Qe7 Qh2+ 50. Kg5 Qh5+ 0-1

[Event "Paul Keres Memorial-U20 Girls 2020"]
[Site "Parnu"]
[Date "2020.08.01"]
[Round "7.1"]
[White "Olde, Grete"]
[Black "Olde, Margareth"]
[Result "0-1"]
[ECO "B23"]
[WhiteElo "1968"]
[BlackElo "2201"]
[Annotator "ChessBase"]
[PlyCount "72"]
[EventDate "2020.07.27"]
[EventType "tourn"]
[EventCountry "EST"]
[TimeControl "5400+30"]

1. e4 c5 2. Nc3 a6 3. g3 b5 4. Bg2 Bb7 5. d3 e6 6. f4 d5 7. e5 Ne7 8. Nf3 Nf5 9. O-O h5 10. Bh3 Nc6 11. Ne2 Be7 12. d4 Nfxd4 13. Nexd4 Nxd4 14. Nxd4 cxd4 15. f5 exf5 16. Rxf5 g6 17. Rf2 Bc8 18. e6 Bxe6 19. Bxe6 fxe6 20. Qxd4 Rg8 21. Bh6 Rc8 22. Qf4 Kd7 23. Re2 g5 24. Qf7 Rc6 25. Bg7 Qe8 26. Rf1 Qxf7 27. Rxf7 Ke8 28. Ref2 Bc5 29. Bc3 Bxf2+ 30. Rxf2 Rf8 31. Re2 Kd7 32. Kg2 Rc4 33. Bg7 Rf7 34. Bh8 h4 35. c3 h3+ 36. Kg1 Re4 0-1